 Dungeon Crawl Stone Soup version 0.20.0-15-g7f486f2 (webtiles) character file.

304 grindst0ne the Sneak (level 6, -9/42 HPs)
             Began as an Octopode Assassin on June 11, 2017.
             Mangled by an iguana (13 damage)
             ... on level 3 of the Dungeon.
             The game lasted 00:02:46 (1845 turns).

grindst0ne the Sneak (Octopode Assassin)            Turns: 1845, Time: 00:02:47

Health: -9/42      AC:  1    Str: 10    XL:     6   Next: 38%
Magic:  6/6        EV: 13    Int: 19    God:
Gold:   137        SH:  0    Dex: 15    Spells: 5/5 levels left

rFire    x . .     SeeInvis .   v - +0 short sword (speed)
rCold    + + .     Gourm    .   (no shield)
rNeg     . . .     Faith    .   (helmet restricted)
rPois    .         Spirit   .   (no amulet)
rElec    .         Reflect  .   i - ring of protection from cold
rCorr    .         Harm     .   k - ring of stealth
MR       .....                  r - ring of ice
Stlth    ++++++....             (no ring)
Regen    0.2/turn               (no ring)
MPRegen  0.1/turn               (no ring)
                                (no ring)
                                (no ring)

@: brilliant, lethally poisoned (-9 -> -26)
A: almost no armour, stealthy swim, amphibious, 8 rings, constrict 8, camouflage
1, gelatinous body 1
a: no special abilities


You were on level 3 of the Dungeon.
You were not hungry.

You visited 1 branch of the dungeon, and saw 3 of its levels.

You collected 137 gold pieces.

Inventory:

Hand Weapons
 a - a +2 dagger
 b - a +0 blowgun
 v - a +0 short sword of speed (weapon)
Missiles
 c - 8 poisoned needles
 d - 2 curare-tipped needles
Jewellery
 i - a ring of protection from cold (left tentacle)
 k - a ring of stealth (right tentacle)
 r - a ring of ice (on tentacle)
 y - a cursed ring of loudness {unknown}
Scrolls
 e - 2 scrolls of random uselessness {unknown}
 j - 3 scrolls of immolation {unknown}
 l - 3 scrolls of fear {unknown}
 m - 3 scrolls of identify {unknown}
 p - 2 scrolls of enchant weapon {unknown}
 s - 2 scrolls of remove curse {unknown}
 x - a scroll of teleportation {unknown}
Potions
 o - a potion of heal wounds {unknown}
 q - a potion of curing {unknown}
 t - a potion of might {unknown}
 u - a potion of berserk rage {unknown}
Comestibles
 f - 4 bread rations
 g - 9 fruits
 h - a royal jelly
 w - 7 chunks of flesh
 z - a meat ration


   Skills:
 + Level 3.5 Fighting
 + Level 3.6 Short Blades
 + Level 3.5 Throwing
 - Level 1.1 Dodging
 + Level 7.0 Stealth


You had 5 spell levels left.
You didn't know any spells.

Dungeon Overview and Level Annotations

Branches:
Dungeon (3/15)

Altars:
Dithmenos
Kikubaaqudgha


Innate Abilities, Weirdness & Mutations

You cannot wear most types of armour.
You are very stealthy in the water. (Stealth+)
You are amphibious.
You can wear up to eight rings at the same time.
You can use your tentacles to constrict eight enemies at once.
Your skin changes colour to match your surroundings (Stealth+).
Your rubbery body absorbs attacks. (AC +1, EV +1)


Message History

You feel sick. The goblin hits you. The orc hits you with a whip of venom.
You are lethally poisoned!
You hit the goblin but do no damage. You grab the goblin.
You constrict the goblin.
You feel sick. The iguana barely misses you. The goblin barely misses you.
The orc misses you.
You hit the goblin.
You kill the goblin!
You feel sick.
You hit the iguana but do no damage. You grab the iguana.
You squeeze the iguana, but do no damage.
You constrict the iguana, but do no damage.
You feel sick. The iguana bites you!
* * * LOW HITPOINT WARNING * * *
The orc closely misses you.
It was a potion of brilliance.
You feel clever all of a sudden.
You constrict the iguana, but do no damage.
* * * LOW HITPOINT WARNING * * *
You feel sick. The iguana bites you!
You die...

.....########### ###
##.#.# #...... ##.#.#
######.#..
...#.####......?.
###.......####.###
#...##..##.....##
#...###.#.......#
#...# #.#.......#.####
#...# #....._.@o......
#...#...#......l#.####
#....##.#.......#
........##.....## .
...####.### ..... ....
..###. ...... ..#
##....#


You could see an iguana and an orc.

Vanquished Creatures
  Sigmund (D:2)
  A hound (D:3)
  An orc wizard (D:3)
  Jessica (D:3)
  3 adders (D:2)
  A dart slug (D:3)
  A leopard gecko (D:2)
  4 orcs (D:3)
  3 goblins
  2 hobgoblins
  4 kobolds
  6 bats
  4 frilled lizards (D:2)
  6 rats
38 creatures vanquished.

Notes
Turn   | Place    | Note
-------+----------+-------------------------------------------
     0 | D:1      | grindst0ne the Octopode Assassin began the quest for the Orb.
     0 | D:1      | Reached XP level 1. HP: 14/14 MP: 1/1
   703 | D:1      | Reached XP level 2. HP: 19/19 MP: 2/2
   878 | D:2      | Found an ancient bone altar of Kikubaaqudgha.
   987 | D:2      | Found a shadowy altar of Dithmenos.
  1146 | D:2      | Reached XP level 3. HP: 24/25 MP: 3/3
  1377 | D:2      | Noticed Sigmund
  1380 | D:2      | Killed Sigmund
  1380 | D:2      | Reached skill level 6 in Stealth
  1380 | D:2      | Reached XP level 4. HP: 31/31 MP: 4/4
  1380 | D:2      | Reached XP level 5. HP: 36/36 MP: 5/5
  1572 | D:3      | Noticed Jessica
  1581 | D:3      | Killed Jessica
  1581 | D:3      | Reached XP level 6. HP: 29/42 MP: 6/6
  1826 | D:3      | Found a shadowy altar of Dithmenos.
  1841 | D:3      | Reached skill level 7 in Stealth
  1845 | D:3      | Mangled by an iguana

Skill      XL: |  1  2  3  4  5  6 |
---------------+-------------------+-----
Fighting       | 3 |  3.5
Short Blades   | 3 |  3.6
Throwing       | 3 |  3.5
Stealth        | 6 7 |  7.0
Dodging        | |  1.1

Action                   |  1- 3 |  4- 6 || total
-------------------------+-------+-------++-------
Melee: Dagger            |    34 |     8 ||    42
       Tentacles         |     7 |     4 ||    11
       Constrict         |     6 |     7 ||    13
       Short sword       |       |    23 ||    23
  Use: Potion            |       |     1 ||     1
 Stab: Sleeping          |    11 |     6 ||    17
       Distracted        |       |     1 ||     1
  Eat: Chunk             |     1 |     2 ||     3
Armor: Skin              |     2 |     1 ||     3
Dodge: Dodged            |    13 |    17 ||    30
